 Dungeon Crawl Stone Soup version 0.23-a0-169-gb21e695 (webtiles) character file.

63 sowhat the Chopper (level 3, -3/27 HPs)
             Began as a Demonspawn Gladiator on Sept 11, 2018.
             Slain by a gnoll
             ... wielding a +0 spear
              (5 damage)
             ... on level 2 of the Dungeon.
             The game lasted 00:01:26 (1642 turns).

sowhat the Chopper (Demonspawn Gladiator)           Turns: 1642, Time: 00:01:27

Health: -3/27      AC:  7    Str: 14    XL:     3   Next: 87%
Magic:  3/3        EV: 10    Int:  9    God:
Gold:   104        SH:  0    Dex: 15    Spells: 2/2 levels left

rFire    . . .     SeeInvis .   a - +0 war axe
rCold    . . .     Gourm    .   (no shield)
rNeg     . . .     Faith    .   g - +0 scale mail
rPois    .         Spirit   .   c - +0 helmet
rElec    .         Reflect  .   (no cloak)
rCorr    .         Harm     .   (no gloves)
MR       .....                  (no boots)
Stlth    +.........             (no amulet)
HPRegen  0.09/turn              (no ring)
MPRegen  0.08/turn              (no ring)

@: berserk cooldown, flying, slowed, very slow
A: nightstalker 1
a: no special abilities


You were on level 2 of the Dungeon.
You were not hungry.

You visited 1 branch of the dungeon, and saw 2 of its levels.

You collected 104 gold pieces.

Inventory:

Hand Weapons
 a - a +0 war axe (weapon)
Missiles
 d - 3 throwing nets (quivered)
Armour
 b - a +0 leather armour
 c - a +0 helmet (worn)
 g - a +0 scale mail (worn)
Scrolls
 i - a scroll of identify {unknown}
 k - a scroll of remove curse {unknown}
 m - a scroll of fog {unknown}
Potions
 e - a potion of heal wounds
 h - a potion of flight


   Skills:
 + Level 2.2 Fighting
 * Level 3.7 Axes
 - Level 1.7 Throwing
 * Level 1.0 Armour
 + Level 3.1 Dodging


You had 2 spell levels left.
You didn't know any spells.
Your spell library was empty.

Dungeon Overview and Level Annotations

Branches:
Dungeon (2/15)

Altars:


Innate Abilities, Weirdness & Mutations

You are slightly more attuned to the shadows.


Message History

The gnoll is severely wounded.
Your scale mail prevents you from hitting the goblin.
The gnoll hits you but does no damage.
The gnoll hits you from afar with a spear of freezing.
* * * LOW HITPOINT WARNING * * *
The gnoll freezes you.
* * * LOW HITPOINT WARNING * * *
The goblin hits you.
* * * LOW HITPOINT WARNING * * *
The gnoll hits you with an enchanted halberd.
* * * LOW HITPOINT WARNING * * *
The gnoll hits you but does no damage. The gnoll misses you.
The goblin barely misses you. The gnoll barely misses you.
Unknown command.
You slash the gnoll!
You kill the gnoll!
Your Armour skill increases to level 1!
You barely miss the goblin.
The gnoll hits you from afar with a spear.
You die...

#......#...#...# ...
....gg#g. #.........#..#.##..
......#.. #.)......#..#..#..
......#.. #..........#.....
.#.......# ###.#.....#..#..#
...#....#...
#..#....#).#..##....#......>.
#..##.....#...##.... ......#
#.###....#..#.#..... ...##
#.#.........@)..# ...
##.#.........g.#.# .. #.
#..#.........gg..# ...
#..#.).......#.###....
#..#........#..###....
#..#(.................
#..(..................
##.#........#......##.
#..#..........#....#


You could see 2 gnolls and a goblin.

Vanquished Creatures
  A gnoll (D:2)
  An adder (D:2)
  An ooze (D:1)
  4 leopard geckos
  2 giant cockroaches (D:1)
  5 goblins
  3 hobgoblins (D:1)
  8 bats
  3 frilled lizards (D:1)
  3 kobolds
  3 rats
34 creatures vanquished.

Notes
Turn   | Place    | Note
-------+----------+-------------------------------------------
     0 | D:1      | sowhat the Demonspawn Gladiator began the quest for the
                  | Orb.
     0 | D:1      | Reached XP level 1. HP: 16/16 MP: 1/1
   186 | D:1      | Gained mutation: You are slightly more attuned to the
                  | shadows. [demonic ancestry]
   186 | D:1      | Reached XP level 2. HP: 22/22 MP: 2/2
   586 | D:1      | Reached XP level 3. HP: 24/27 MP: 3/3
  1642 | D:2      | Reached skill level 1 in Armour
  1642 | D:2      | Slain by a gnoll

Vault maps used:
D:1:      nzn_arrival_water_spiral
D:2:      minmay_misc_feat_diagonals, uniq_robin

Skill      XL: |  1  2  3 |
---------------+----------+-----
Dodging        | 3 |  3.1
Axes           | 3 |  3.7
Armour         | 1 |  1.0
Fighting       | |  2.2
Throwing       | |  1.7

Action                   || total
-------------------------++-------
Melee: War axe           ||   120
  Use: Potion            ||     4
 Stab: Sleeping          ||     1
  Eat: Ration            ||     1
Armor: Leather armour    ||     6
       Scale mail        ||    92
Dodge: Dodged            ||   112

Table legend:
 A = Non-vault XP
 B = Vault XP
 C = Vault XP percentage of total XP
 D = Non-vault monster count
 E = Vault monster count
 F = Vault count percentage of total count
                 A         B        C        D         E       F
            +---------+---------+-------+---------+---------+-------
      Total |      90 |       0 |   0.0 |      34 |       0 |   0.0
            +---------+---------+-------+---------+---------+-------
        D:1 |      49 |       0 |   0.0 |      26 |       0 |   0.0
        D:2 |      41 |       0 |   0.0 |       8 |       0 |   0.0
            +---------+---------+-------+---------+---------+-------
